 Dungeon Crawl Stone Soup version 0.31-a0-196-g86fe4a5e66 (webtiles) character file.

Game seed: 10528461436154974592

79 qw the Shooter (level 4, -3/25 HPs)
             Began as a Deep Elf Hunter on June 24, 2023.
             Slain by a goblin
             ... wielding a +0 club
             ... led by Robin
              (5 damage)
             ... on level 3 of the Dungeon.
             The game lasted 00:00:32 (1122 turns).

qw the Shooter (Deep Elf Hunter)                    Turns: 1122, Time: 00:00:33

Health: -3/25      AC:  3    Str: 10    XL:     4   Next: 17%
Magic:  6/6        EV: 12    Int: 14    God:
Gold:   105        SH:  0    Dex: 18    Spells: 3/3 levels left

rFire   . . .        Y - +0 shortbow
rCold   . . .        (shield currently unavailable)
rNeg    . . .        c - +0 leather armour
rPois   .            (no helmet)
rElec   .            (no cloak)
rCorr   .            (no gloves)
SInv    .            (no boots)
Will    .....        (no amulet)
Stlth   ++           (no ring)
HPRegen 0.24/turn    (no ring)
MPRegen 0.10/turn

%: no passive effects
@: no status effects
A: no striking features
a: no special abilities


You were on level 3 of the Dungeon.
You visited 1 branch of the dungeon, and saw 3 of its levels.

You collected 105 gold pieces.


   Skills:
 - Level 1.5 Fighting
 + Level 7.6 Ranged Weapons
 - Level 2.4 Dodging
 - Level 1.2 Stealth


You had 3 spell levels left.
You didn't know any spells.
Your spell library was empty.

Inventory:

Hand Weapons
 Y - a +0 shortbow (weapon)
Armour
 c - a +0 leather armour (worn)
Scrolls
 d - a scroll of noise {unknown}
 f - a scroll of torment {unknown}
Potions
 a - a potion of might {unknown}
 b - a potion of curing {unknown}
 e - a potion of magic {unknown}

Dungeon Overview and Level Annotations

Branches:
Dungeon (3/15)

Altars:

Annotations:
D:3 Robin


Message History

Enter note:
Enter note:
Enter note: You shoot an arrow.
The arrow hits the hobgoblin.
The hobgoblin is severely wounded.
A goblin comes into view. It is wielding a +0 dagger.
You shoot an arrow. The arrow barely misses the hobgoblin.
Robin of the Strong Arm comes into view.
They are wielding a +0 short sword.
You shoot an arrow. The arrow barely misses the hobgoblin.
The hobgoblin closely misses you.
You shoot an arrow. The arrow hits the hobgoblin!
You kill the hobgoblin!
Robin roars a battlecry!
The hobgoblins go into a battle-frenzy!
You shoot an arrow.
The arrow hits the hobgoblin but does no damage.
Robin throws the goblin at you! The hobgoblin hits you.
The goblin hits you with a +0 club. Robin throws the goblin at you!
You shoot an arrow. The arrow hits the goblin.
You kill the goblin!
The hobgoblin misses you. The goblin hits you with a +0 club.
You shoot an arrow. The arrow barely misses the hobgoblin.
The hobgoblin hits you. The goblin hits you with a +0 club.
The hobgoblin misses you.
You shoot an arrow. The arrow hits the hobgoblin!
You kill the hobgoblin!
The hobgoblin hits you. The goblin barely misses you.
You shoot an arrow.
The arrow hits Robin but does no damage.
Robin hits you with a +0 short sword. The hobgoblin hits you.
The goblin hits you with a +0 club.
You shoot an arrow. The arrow hits Robin.
Robin is moderately wounded.
Robin hits you but does no damage.
The hobgoblin hits you but does no damage.
The goblin closely misses you.
You shoot an arrow. The arrow barely misses Robin.
Robin closely misses you. The hobgoblin closely misses you.
The goblin hits you with a +0 club.
You die...

.......................#.##
....^...##....%...........#
####....##.##..####.##.#.##
..............# #.##.#.##
.###.####.###.# #.##.#.## .
#. #.# #.# #.##.#.##
...####.###.####.##.#.##
......gggg..............
..#@# #.. .......#. #.#.#
#... .........
#.#.########.##.###.
#........)..........
######..###############.
..........####### #.
...............)# #.
.........)#####.# #.
........%..####.# ##.


You could see Robin, 2 hobgoblins and a goblin (strong).

Vanquished Creatures
  2 adders (D:2)
  An ufetubus (D:3)
  A dart slug (D:1)
  7 ball pythons
  6 bats
  3 endoplasms
  4 giant cockroaches
  5 hobgoblins
  4 quokkas
  4 frilled lizards
  7 goblins
  A kobold (D:1)
  3 rats
48 creatures vanquished.

Notes
Turn   | Place    | Note
-------+----------+-------------------------------------------
     0 | D:1      | qw the Deep Elf Hunter began the quest for the Orb.
     0 | D:1      | Reached XP level 1. HP: 12/12 MP: 3/3
     0 | D:1      | 0 ||| qw: Version: 0.3-a-9-g12657ce
     0 | D:1      | 0 ||| qw: Game counter: 4800
     0 | D:1      | 0 ||| qw: Always use a shield: true
     0 | D:1      | 0 ||| qw: God list: Okawaru
     0 | D:1      | 0 ||| qw: Allow faded altars: false
     0 | D:1      | 0 ||| qw: Do Orc after D:15 true
     0 | D:1      | 0 ||| qw: Do second Lair branch before Depths: true
     0 | D:1      | 0 ||| qw: Lair rune preference: random
     0 | D:1      | 0 ||| qw: Plans: Normal
     0 | D:1      | 0 ||| PLANNING D:1-11
   120 | D:1      | Reached skill level 6 in Ranged Weapons
   120 | D:1      | Reached XP level 2. HP: 16/16 MP: 4/4
   308 | D:1      | 308 ||| READING scroll labelled QATZYDWAGUIDI.
   309 | D:1      | 309 ||| READING scroll labelled RUKHLI WIEDDUR.
   310 | D:1      | 310 ||| READING 2 scrolls labelled MIXESIYDWI.
   311 | D:1      | 311 ||| DRINKING 3 bubbling white potions.
   312 | D:1      | 312 ||| DROPPING scroll of butterflies.
   313 | D:1      | 313 ||| DROPPING 2 potions of brilliance.
   314 | D:1      | 314 ||| DROPPING scroll of blinking.
   414 | D:2      | Reached XP level 3. HP: 16/20 MP: 5/5
   451 | D:2      | Reached skill level 7 in Ranged Weapons
   675 | D:2      | 675 ||| Stepping ~*~*~tactically~*~*~ (water).
   809 | D:2      | 809 ||| READING scroll labelled LINEKHL NUAN REJUSS.
   844 | D:3      | 844 ||| STAIRDANCE
  1077 | D:3      | Reached XP level 4. HP: 25/25 MP: 6/6
  1113 | D:3      | Noticed Robin
  1120 | D:3      | HP: 6/25 [hobgoblin[Robin] (4)]
  1120 | D:3      | HP: 2/25 [goblin/+0 club[Robin] (4)]
  1122 | D:3      | Slain by a goblin

Levels and vault maps discovered:
D:1:      dpeg_arrival_oval, layout_basic, minmay_misc_feat_hallway,
          minmay_pentomino_s4
D:2:      layout_rooms, kennysheep_small_spiral, serial_bayou_ford_a
D:3:      layout_basic, mainiacjoe_overflow_catwalk, uniq_robin

Skill      XL: |  1  2  3 |
---------------+----------+-----
Ranged Weapons | 6 7 |  7.6
Fighting       | |  1.5
Dodging        | |  2.4
Stealth        | |  1.2

Action                     |  1- 3 |  4- 6 || total
---------------------------+-------+-------++-------
   Fire: Shortbow          |    96 |    17 ||   113
    Use: Scroll            |     4 |       ||     4
         Potion            |     1 |       ||     1
 Armour: Leather armour    |     7 |     4 ||    11
  Dodge: Dodged            |    22 |     7 ||    29

Table legend:
 A = Non-vault XP
 B = Vault XP
 C = Vault XP percentage of total XP
 D = Non-vault monster count
 E = Vault monster count
 F = Vault count percentage of total count
                 A         B        C        D         E       F
            +---------+---------+-------+---------+---------+-------
      Total |     106 |       8 |   7.0 |      44 |       4 |   8.3
            +---------+---------+-------+---------+---------+-------
        D:1 |      26 |       0 |   0.0 |      15 |       0 |   0.0
        D:2 |      55 |       0 |   0.0 |      18 |       0 |   0.0
        D:3 |      25 |       8 |  24.2 |      11 |       4 |  26.7
            +---------+---------+-------+---------+---------+-------
